 Dungeon Crawl Stone Soup version 0.22.1-2-g9c5b331 (webtiles) character file.

278 Anon1729 the Chopper (level 6, 0/84 HPs)
             Began as a Hill Orc Monk on Nov 15, 2018.
             Was a Believer of Beogh.
             Slain by an ogre
             ... wielding a +0 giant club
              (1 damage)
             ... on level 3 of the Dungeon.
             The game lasted 00:06:11 (4886 turns).

Anon1729 the Chopper (Hill Orc Monk)                Turns: 4886, Time: 00:06:12

Health: 0/84       AC: 23    Str: 16    XL:     6   Next: 26%
Magic:  6/6        EV:  2    Int: 10    God:    Beogh [**....]
Gold:   235        SH:  0    Dex: 13    Spells: 5/5 levels left

rFire    . . .     SeeInvis .   a - +0 hand axe
rCold    . . .     Gourm    .   (no shield)
rNeg     + + +     Faith    .   (armour currently unavailable)
rPois    +         Spirit   .   (helmet currently unavailable)
rElec    .         Reflect  .   (cloak currently unavailable)
rCorr    .         Harm     .   (gloves currently unavailable)
MR       .....     NoTele   +   (boots currently unavailable)
Stlth    ++........             (no amulet)
HPRegen  0.24/turn              i - ring of poison resistance
MPRegen  0.10/turn              y - +5 ring of slaying

@: tree-form
A: no striking features
a: Smiting, Renounce Religion


You were on level 3 of the Dungeon.
You worshipped Beogh.
Beogh was pleased with you.
You were not hungry.
You were a tree.
You visited 1 branch of the dungeon, and saw 4 of its levels.

You collected 235 gold pieces.

Inventory:

Hand Weapons
 a - a +0 hand axe (weapon)
Armour
 b - a +0 robe
 k - a +0 pair of boots (melded)
 r - a +0 chain mail (melded)
Jewellery
 i - a ring of poison resistance (left branch)
 y - a +5 ring of slaying (right branch)
Scrolls
 e - 6 scrolls of remove curse
 h - 4 scrolls of identify
 j - 2 scrolls of teleportation {unknown}
 m - a scroll of magic mapping
 n - 3 scrolls of enchant armour
 o - a scroll of fear {unknown}
 s - a scroll of blinking {unknown}
 u - a scroll of enchant weapon {unknown}
Potions
 d - a potion of lignification
 f - a potion of ambrosia {unknown}
 g - a potion of brilliance {unknown}
 l - a potion of mutation {unknown}
 p - a potion of invisibility {unknown}
 q - 2 potions of curing {unknown}
 t - a potion of cancellation {unknown}
 v - a potion of agility {unknown}
 w - a potion of magic {unknown}
Comestibles
 c - 8 rations
 x - 2 chunks of flesh


   Skills:
 + Level 5.5 Fighting
 + Level 6.1 Axes
 + Level 3.6 Armour
 - Level 2.4 Dodging
 - Level 1.5 Stealth
 + Level 0.0 Invocations


You had 5 spell levels left.
You didn't know any spells.
Your spell library was empty.

Dungeon Overview and Level Annotations

Branches:
Dungeon (4/15)
 Temple: D:4-7

Altars:
Hepliaklqana
Kikubaaqudgha
Okawaru
Sif Muna
Trog
Xom


Message History

You are too injured to fight recklessly!
You are too injured to fight recklessly!
You aren't carrying any items that you can evoke.
As you read the scroll labeled SUTOISIYSH, it crumbles to dust.
It is a scroll of identify.
n - 3 scrolls of enchant armour You fail to use your ability.
The ogre hits you with a giant club!
* * * LOW HITPOINT WARNING * * *
Unknown command.
Okay, then.
As you read the scroll labeled BETZESTOS, it crumbles to dust.
You feel aware of your surroundings.
It was a scroll of magic mapping.
The ogre hits you with a giant club!
* * * LOW HITPOINT WARNING * * *
You aren't carrying any items that you can evoke.
It was a potion of lignification.
You turn into a tree.
Your +0 pair of boots melds into your body.
Your +0 chain mail melds into your body.
Your roots penetrate the ground.
The ogre hits you with a giant club.
You die...

#.........+.>.
########.........####
#................###.
#.........####.......
#.........# #.......
#.........# #.......
#.........# #.......
#....O....# #.......
#...♣.....# #.......
#.........# #.......
#.........# ########
###########


You could see an ogre.

Vanquished Creatures
  An orc priest (D:4)
  2 orc wizards (D:4)
  2 worker ants (D:4)
  A gnoll (D:1)
  6 adders
  3 worms
  3 dart slugs
  2 leopard geckos (D:1)
  3 orcs (D:4)
  2 ball pythons (D:1)
  A giant cockroach (D:2)
  5 goblins
  7 hobgoblins
  4 jackals (D:3)
  10 kobolds
  4 quokkas
  3 bats
  6 frilled lizards
  6 rats
71 creatures vanquished.

Vanquished Creatures (others)
  A howler monkey (D:4)
  A hound skeleton (D:4)
  2 adder skeletons (D:4)
  3 orcs (D:4)
7 creatures vanquished.

Grand Total: 78 creatures vanquished

Notes
Turn   | Place    | Note
-------+----------+-------------------------------------------
     0 | D:1      | Anon1729 the Hill Orc Monk began the quest for the Orb.
     0 | D:1      | Reached XP level 1. HP: 19/19 MP: 1/1
   155 | D:1      | Reached XP level 2. HP: 22/27 MP: 2/2
   237 | D:1      | Reached skill level 1 in Armour
   667 | D:1      | Reached XP level 3. HP: 3/33 MP: 3/3
  2202 | D:2      | Reached XP level 4. HP: 41/41 MP: 4/4
  2369 | D:2      | Reached skill level 5 in Axes
  2415 | D:2      | Found a hazy altar of Hepliaklqana.
  2915 | D:2      | Found a shimmering altar of Xom.
  2915 | D:2      | Found a deep blue altar of Sif Muna.
  2916 | D:2      | Found an ancient bone altar of Kikubaaqudgha.
  3081 | D:2      | Found a faded altar of an unknown god.
  3317 | D:3      | Found an iron altar of Okawaru.
  3318 | D:3      | Found a bloodstained altar of Trog.
  3397 | D:4      | Became a worshipper of Beogh the Brigand
  3397 | D:4      | Reached * piety under Beogh
  3397 | D:4      | Reached ** piety under Beogh
  3492 | D:4      | Reached skill level 5 in Fighting
  3492 | D:4      | Reached XP level 5. HP: 30/48 MP: 5/5
  3762 | D:4      | Reached XP level 6. HP: 27/56 MP: 6/6
  3792 | D:4      | Reached skill level 6 in Axes
  4885 | D:3      | HP: 1/56 [ogre/giant club (15)]
  4886 | D:3      | Slain by an ogre

Skill      XL: |  1  2  3  4  5  6 |
---------------+-------------------+-----
Armour         | 1 2 3 |  3.6
Fighting       | 4 5 |  5.5
Axes           | 5 6 |  6.1
Dodging        | |  2.4
Stealth        | |  1.5

Action                   |  1- 3 |  4- 6 || total
-------------------------+-------+-------++-------
Melee: Hand axe          |   161 |   206 ||   367
Invok: Convert to Beogh  |       |     1 ||     1
  Use: Scroll            |       |     3 ||     3
       Potion            |       |     1 ||     1
 Stab: Sleeping          |     3 |     1 ||     4
       Distracted        |       |     1 ||     1
  Eat: Chunk             |     4 |     9 ||    13
Armor: Robe              |    17 |    13 ||    30
       Chain mail        |       |    80 ||    80
Dodge: Dodged            |   113 |   105 ||   218
